 Dungeon Crawl Stone Soup version 0.30-a0-394-g3e4acdb0ae (webtiles) character file.

Game seed: 777851426475904159

1360 greasedhog the Ducker (level 8, -11/59 HPs)
             Began as a Djinni Fighter on Dec 6, 2022.
             Was an Initiate of Makhleb.
             Mangled by Joseph
             ... wielding a +1 spectral quarterstaff
              (17 damage)
             ... on level 7 of the Dungeon.
             The game lasted 00:10:34 (6320 turns).

greasedhog the Ducker (Djinni Fighter)              Turns: 6320, Time: 00:10:35

Health: -11/59     AC:  5    Str: 15    XL:     8   Next: 96%
Gold:   256        EV: 13    Int: 11    God:    Makhleb [......] SH:  5 Dex: 14

rFire   + + .      SeeInvis .    a - +0 long sword
rCold   x . .      Faith    .    c - +0 buckler
rNeg    . . .      Spirit   .    j - +0 leather armour
rPois   ∞          Reflect  .    h - +1 helmet
rElec   .          Harm     .    (no cloak)
rCorr   .          Rampage  .    (no gloves)
Will    +....                    (boots unavailable)
Stlth   +.........               (no amulet)
HPRegen 0.29/turn                g - ring of wizardry
MPRegen 0.00/turn                l - ring of willpower

@: mighty, flying
A: sickness immunity, fire resistance 2, cold vulnerability 1, float, innate
caster, HP casting, extra vitality 1
a: Renounce Religion


You were on level 7 of the Dungeon.
You worshipped Makhleb.
Makhleb was noncommittal.
You visited 2 branches of the dungeon, and saw 8 of its levels.

You collected 256 gold pieces.

Inventory:

Hand Weapons
 a - a +0 long sword (weapon)
Armour
 c - a +0 buckler (worn)
 h - a +1 helmet (worn)
 j - a +0 leather armour (worn)
Jewellery
 g - a ring of wizardry (left hand)
 l - a ring of willpower (right hand)
Wands
 s - a wand of mindburst (2)
Scrolls
 b - 3 scrolls of butterflies
 e - a scroll of enchant weapon {unknown}
 k - 2 scrolls of identify {unknown}
 n - 2 scrolls of enchant armour
 r - a scroll of brand weapon {unknown}
 t - a scroll of poison {unknown}
 v - a scroll of immolation {unknown}
Potions
 f - 4 potions of curing {unknown}
 i - 2 potions of attraction {unknown}
 m - 2 potions of degeneration {unknown}
 o - 2 potions of invisibility {unknown}
 p - a potion of magic {unknown}
 q - 2 potions of heal wounds {unknown}
 u - a potion of cancellation {unknown}


   Skills:
 + Level 5.0 Fighting
 - Level 5.0 Long Blades
 + Level 3.8 Armour
 - Level 5.1 Dodging
 - Level 3.0 Shields
 * Level 4.1 Spellcasting


You had 10 spell levels left.
You knew the following spells:

 Your Spells              Type           Power      Damage    Failure   Level
a - Necrotise             Necr           44%        1d6       2%          1
b - Poisonous Vapours     Pois/Air       22%        N/A       4%          2
c - Blink                 Tloc           22%        N/A       4%          2
Your spell library was empty.

Dungeon Overview and Level Annotations

Branches:
Dungeon (7/15)             Temple (1/1) D:6

Altars:
Ashenzari
Cheibriados
Dithmenos
Elyvilon
Fedhas
Gozag
Makhleb
Nemelex Xobeh
Okawaru
Ru
Trog
Uskayaw
Xom
Yredelemnul
Zin
The Shining One

Shops:
D:2 (

Annotations:
D:7 Joseph


Innate Abilities, Weirdness & Mutations

You are immune to sickness and miasma.
You are immune to poison.
Your flesh is very heat resistant. (rF++)
You are vulnerable to cold. (rC-)
You float through the air rather than walking.
You learn spells naturally, not from books.
Your magical power is your life essence.
You have superior vitality. (+4 MHP)


Message History

You see here a +0 falchion.
Things that are here:
a +0 club; a +0 giant spiked club; an orc corpse
Things that are here:
a +0 club; a +0 giant spiked club; an orc corpse Joseph shoots a sling bullet.
The sling bullet hits you!
There is a stone staircase leading up here.
You see here a +0 falchion.
Joseph unwields a +0 sling.
Joseph wields a +1 spectral quarterstaff.
Joseph barely misses you.
You slash Joseph!
Joseph is moderately wounded.
Joseph hits you with a +1 spectral quarterstaff.
You hit Joseph.
Joseph is heavily wounded.
Joseph misses you.
You slash Joseph!
Joseph is severely wounded.
Joseph hits you with a +1 spectral quarterstaff!
You barely miss Joseph.
Joseph is severely wounded.
Joseph completely misses you.
An orc comes into view. It is wielding a +0 hand axe.
You hit Joseph.
Joseph is severely wounded.
You block Joseph's attack.
Joseph hits you with a +1 spectral quarterstaff!
* * * LOW HITPOINT WARNING * * *
You feel very mighty all of a sudden.
Joseph hits you with a +1 spectral quarterstaff.
* * * LOW HITPOINT WARNING * * *
You closely miss Joseph.
Joseph is severely wounded.
Joseph hits you with a +1 spectral quarterstaff!
* * * LOW HITPOINT WARNING * * *
You slash Joseph!
Joseph is almost dead.
Joseph hits you with a +1 spectral quarterstaff!
You die...

.......
####..$.#
@.......# #.#
#.# #o# #.#
#@#
#@###########
#.<).........
###########..


You could see Joseph (poisoned) and an orc.

Vanquished Creatures
  A sky beast (D:4)
  2 black bears
  2 ogres
  2 centaurs
  A phantom (D:4)
  Blork the orc (D:4)
  2 scorpions
  2 howler monkeys
  2 orc priests (D:5)
  A gnoll bouda (D:4)
  4 iguanas
  An orc wizard (D:3)
  7 adders
  4 gnolls
  A shadow imp (D:5)
  A white imp (D:7)
  2 ufetubi
  2 worms
  3 dart slugs
  11 orcs
  8 endoplasms
  A giant cockroach (D:4)
  7 goblins
  5 hobgoblins
  12 jackals
  3 quokkas
  4 ball pythons
  5 bats
  3 frilled lizards (D:1)
  10 kobolds
  4 rats
114 creatures vanquished.

Vanquished Creatures (others)
  A wizard (D:3)
1 creature vanquished.

Grand Total: 115 creatures vanquished

Notes
Turn   | Place    | Note
-------+----------+-------------------------------------------
     0 | D:1      | greasedhog the Djinni Fighter began the quest for the Orb.
     0 | D:1      | Reached XP level 1. HP: 20/20 MP: 0/0
   196 | D:1      | Reached XP level 2. HP: 22/25 MP: 0/0
   689 | D:2      | Reached XP level 3. HP: 19/30 MP: 0/0
   689 | D:2      | Learned a level 1 spell: Necrotise
  1136 | D:2      | Found a glowing silver altar of Zin.
  1290 | D:2      | Found Reiteano's Antique Weapon Shop.
  1613 | D:3      | Reached skill level 1 in Spellcasting
  1613 | D:3      | Reached XP level 4. HP: 23/36 MP: 0/0
  1894 | D:3      | Found a bloodstained altar of Trog.
  1895 | D:3      | Noticed a wizard
  1901 | D:3      | Killed a wizard
  1946 | D:3      | Reached skill level 1 in Dodging
  2096 | D:3      | Reached XP level 5. HP: 41/41 MP: 0/0
  2096 | D:3      | Learned a level 2 spell: Poisonous Vapours
  2367 | D:4      | Noticed a phantom
  2369 | D:4      | Noticed a sky beast
  2386 | D:4      | Killed a phantom
  2397 | D:4      | Killed a sky beast
  2398 | D:4      | Reached XP level 6. HP: 15/48 MP: 0/0
  2724 | D:4      | Noticed Blork the orc
  2739 | D:4      | Killed Blork the orc
  3061 | D:4      | Reached XP level 7. HP: 47/53 MP: 0/0
  3061 | D:4      | Learned a level 2 spell: Blink
  3594 | D:5      | Entered Level 5 of the Dungeon
  3657 | D:4      | Reached skill level 5 in Fighting
  4259 | D:4      | Reached XP level 8. HP: 44/59 MP: 0/0
  4448 | D:5      | Reached skill level 5 in Long Blades
  5357 | D:5      | Found a burning altar of Makhleb.
  5426 | D:5      | Became a worshipper of Makhleb the Destroyer
  5811 | D:6      | Found a staircase to the Ecumenical Temple.
  5826 | Temple   | Entered the Ecumenical Temple
  6176 | D:7      | Reached skill level 5 in Dodging
  6295 | D:7      | Noticed Joseph
  6320 | D:7      | Mangled by Joseph

Illustrated notes

Levels and vault maps discovered:
D:1:      minmay_arrival_plants_in_alcoves, layout_basic
D:2:      layout_loops_ring, basic_altar, serial_shops, shop
D:3:      layout_rooms, trog_wizard
D:4:      layout_loops_ring, uniq_blork_the_orc
D:5:      layout_layer_cave, mainiacjoe_overflow_surrounded_room,
          lemuel_crystal_altar
D:6:      layout_rooms, minmay_temple_entry_metal_lava, chequers_mini_garden,
          chequers_avenue
D:7:      kennysheep_windowed_halls, layout_rooms, uniq_joseph, uniq_maggie,
          uniq_pikel
Temple:   minmay_freezing_vapour_temple

Skill      XL: |  1  2  3  4  5  6  7  8 |
---------------+-------------------------+-----
Long Blades    | 2 3 4 5 |  5.0
Spellcasting   | 1 3 4 |  4.1
Dodging        | 1 2 3 5 |  5.1
Fighting       | 4 5 |  5.0
Armour         | |  3.8
Shields        | |  3.0

Action                   |  1- 3 |  4- 6 |  7- 9 || total
-------------------------+-------+-------+-------++-------
Melee: Long sword        |    88 |   128 |   206 ||   422
 Cast: Necrotise         |    10 |    21 |    22 ||    53
       Poisonous Vapours |       |     4 |    40 ||    44
Evoke: Wand              |       |     7 |     2 ||     9
  Use: Scroll            |     4 |       |       ||     4
       Potion            |       |       |     1 ||     1
 Stab: Sleeping          |       |       |     1 ||     1
Armor: Scale mail        |     3 |       |       ||     3
       Leather armour    |    31 |    49 |    69 ||   149
Dodge: Dodged            |    30 |    85 |   186 ||   301
Block: Buckler           |    20 |    42 |    67 ||   129

Table legend: (Time is in decaauts)
 A = Elapsed time spent in this place.
 B = Non-inter-level travel time spent in this place.
 C = Inter-level travel time spent in this place.
 D = Time resting spent in this place.
 E = Time spent auto-exploring this place.
 F = Levels seen in this place.
 G = Mean time per level.
                   A        B        C        D        E       F      G
               +--------+--------+--------+--------+--------+-----+--------+
         Total |   6442 |   6288 |    154 |   2031 |   3071 |   8 |  805.2 |
       Dungeon |   6440 |   6286 |    154 |   2031 |   3071 |   7 |  920.0 |
        Temple |      1 |      1 |      0 |      0 |      0 |   1 |    1.0 |
               +--------+--------+--------+--------+--------+-----+--------+

Top non-repeatable levels by time:
     D:4: 2161 daAuts
     D:5: 1320 daAuts
     D:2: 897 daAuts
     D:3: 795 daAuts
     D:1: 670 daAuts
     D:7: 308 daAuts
     D:6: 286 daAuts
  Temple: 1 daAuts
